 Dungeon Sprint DCSS version 0.29-a0-723-gce39da1c22 (webtiles) character file.

Game seed: 15600898957067464414

56912 wilfster70 the Slayer (level 14, -7/166 HPs)
             Began as a Minotaur Fighter on June 28, 2022.
             Was the Champion of Cheibriados.
             Killed from afar by Gloorx Vloq (16 damage)
             ... with a poison arrow
             ... in the Dungeon (Sprint V: "Ziggurat Sprint").
             The game lasted 00:11:48 (2502 turns).

wilfster70 the Slayer (Minotaur Fighter)            Turns: 2502, Time: 00:11:49

Health: -7/166     AC: 37    Str: 48    XL:     14   Next: 43%
Magic:  23/28      EV: 24    Int: 24    God:    Cheibriados [******]
Gold:   0          SH: 37    Dex: 37    Spells: 13/13 levels left

rFire   + + .      SeeInvis .   a - +8 lance "Wyrmbane" {slay drac, rPois rF+ rC+ AC+3}
rCold   + + .      Faith    .   c - +18 shield of the Gong {rElec rN+ Will+ EV-5}
rNeg    + . .      Spirit   .   b - +9 gold dragon scales
rPois   +          Reflect  +   z - +0 hat of the Sea {rPois Dex+7}
rElec   +          Harm     .   (no cloak)
rCorr   .          Rampage  .   C - +2 pair of gloves of Lies {Dex+4}
Will    ++...      NoTele   +   (no boots)
Stlth   ..........              x - amulet of the Mackerel {Reflect Slay+3 SH+5}
HPRegen 0.00/turn               A - +6 ring of strength
MPRegen 0.21/turn               B - +6 ring of strength

@: lethally poisoned (-7 -> -23), inhibited regen, studying 6 skills, very slow
A: horns 2, retaliatory headbutt, inhibited regeneration
a: Renounce Religion, Bend Time, Temporal Distortion, Slouch, Step From Time


You were in the Dungeon.
You worshipped Cheibriados.
Cheibriados was exalted by your worship.
You visited 1 branch

Inventory:

Hand Weapons
 a - the +8 lance "Wyrmbane" (weapon) {slay drac, rPois rF+ rC+ AC+3}
   (You found it in the Dungeon)

   It inflicts extra damage against dragons and draconians.
   AC:        It affects your AC (+3).
   rF:        It protects you from fire.
   rC:        It protects you from cold.
   rPois:     It protects you from poison.
Missiles
 v - a throwing net (quivered)
Armour
 b - +9 gold dragon scales (worn)
 c - the +18 shield of the Gong (worn) {rElec rN+ Will+ EV-5}
   (You found it in the Dungeon)

   It is deafeningly noisy when blocking attacks.
   EV:        It affects your evasion (-5).
   rElec:     It insulates you from electricity.
   rN:        It protects you from negative energy.
   Will:      It increases your willpower.
 z - the +0 hat of the Sea (worn) {rPois Dex+7}
   (You found it in the Dungeon)

   Dex:       It affects your dexterity (+7).
   rPois:     It protects you from poison.
 C - the +2 pair of gloves of Lies (worn) {Dex+4}
   (You found it in the Dungeon)

   Dex:       It affects your dexterity (+4).
Jewellery
 q - the amulet of Murhup {Acrobat rElec Str+8}
   (You found it in the Dungeon)

   [amulet of the acrobat]

   It increases your evasion while moving and waiting.
   Str:       It affects your strength (+8).
   rElec:     It insulates you from electricity.
 x - the amulet of the Mackerel (around neck) {Reflect Slay+3 SH+5}
   (You found it in the Dungeon)

   [amulet of reflection]

   It reflects blocked missile attacks.
   Slay:      It affects your accuracy & damage with ranged weapons and melee
   (+3).
   SH:        It affects your SH (+5).
 A - a +6 ring of strength (left hand)
 B - a +6 ring of strength (right hand)
Wands
 s - a wand of mindburst (7)
 t - a wand of iceblast (5)
 u - a wand of light (7)
Scrolls
 j - 4 scrolls of blinking
 k - 4 scrolls of amnesia
 l - 8 scrolls of fog
 m - 2 scrolls of fear
 r - 5 scrolls of identify
 w - 2 scrolls of brand weapon
 E - 8 scrolls of enchant armour
Potions
 d - 6 potions of might
 e - 10 potions of curing
 f - 10 potions of heal wounds
 h - 7 potions of magic
 i - 3 potions of berserk rage
 n - 2 potions of brilliance
 o - 2 potions of invisibility
 p - 4 potions of resistance
Miscellaneous
 g - a condenser vane
 y - a tin of tremorstones (2/2)
 D - a phantom mirror


   Skills:
 + Level 26.4 Fighting
 - Level 12.0 Polearms
 - Level 18.4 Armour
 + Level 19.0 Dodging
 - Level 3.6 Shields
 + Level 22.8 Invocations
 + Level 16.1 Evocations


You had 13 spell levels left.
You didn't know any spells.
Your spell library contained the following spells:

 Spells                   Type           Power      Damage    Failure   Level
 Apportation              Tloc           0%         N/A       91%         1
 Magic Dart               Conj           0%         1d3       91%         1
 Necrotize                Necr           0%         1d4       91%         1
 Sting                    Tmut/Pois      0%         1d3       91%         1
 Blink                    Tloc           0%         N/A       97%         2
 Call Imp                 Summ           0%         N/A       97%         2
 Poisonous Vapours        Pois/Air       0%         N/A       97%         2
 Scorch                   Fire           0%         2d5       97%         2
 Static Discharge         Conj/Air       0%         N/A       97%         2
 Sublimation of Blood     Necr           0%         N/A       97%         2
 Wereblood                Tmut           0%         N/A       97%         2
 Conjure Flame            Conj/Fire      0%         6-21      100%        3
 Frozen Ramparts          Ice            0%         1d2       100%        3
 Gell's Gravitas          Tloc           0%         N/A       100%        3
 Ignite Poison            Fire/Tmut/Pois 0%         N/A       100%        3
 Lesser Beckoning         Tloc           0%         N/A       100%        3
 Mephitic Cloud           Conj/Pois/Air  0%         N/A       100%        3
 Ozocubu's Armour         Ice            0%         N/A       100%        3
 Spider Form              Tmut/Pois      0%         N/A       100%        3
 Summon Guardian Golem    Hex/Summ       0%         N/A       100%        3
 Teleport Other           Tloc           0%         N/A       100%        3
 Tukima's Dance           Hex            0%         N/A       100%        3
 Animate Dead             Necr           0%         N/A       100%        4
 Cause Fear               Hex            0%         N/A       100%        4
 Dispel Undead            Necr           0%         3d6       100%        4
 Flame Wave               Conj/Fire      0%         2d4       100%        4
 Fulminant Prism          Conj/Hex       0%         3d6       100%        4
 Ice Form                 Ice/Tmut       0%         N/A       100%        4
 Iskenderun's Mystic Bla  Conj/Tloc      0%         2d3       100%        4
 Olgreb's Toxic Radiance  Pois           0%         N/A       100%        4
 Passage of Golubria      Tloc           0%         N/A       100%        4
 Petrify                  Tmut/Erth      0%         N/A       100%        4
 Sticky Flame             Conj/Fire      0%         2d3       100%        4
 Summon Ice Beast         Ice/Summ       0%         N/A       100%        4
 Summon Lightning Spire   Summ/Air       0%         N/A       100%        4
 Blade Hands              Tmut           0%         N/A       100%        5
 Borgnjor's Vile Clutch   Necr/Erth      0%         N/A       100%        5
 Manifold Assault         Tloc           0%         N/A       100%        5
 Metabolic Englaciation   Hex/Ice        0%         N/A       100%        5
 Yara's Violent Unravell  Hex/Tmut       0%         3d3       100%        5
 Death Channel            Necr           0%         N/A       100%        6
 Dispersal                Tloc           0%         N/A       100%        6
 Iron Shot                Conj/Erth      0%         9d1       100%        6
 Statue Form              Tmut/Erth      0%         N/A       100%        6
 Summon Cactus Giant      Summ           0%         N/A       100%        6
 Haunt                    Necr/Summ      0%         N/A       100%        7
 Orb of Destruction       Conj           0%         9d5       100%        7
 Ozocubu's Refrigeration  Ice            0%         4d5       100%        7
 Spellforged Servitor     Conj/Summ      0%         N/A       100%        7
 Storm Form               Tmut/Air       0%         N/A       100%        7
 Summon Hydra             Summ           0%         N/A       100%        7
 Infestation              Necr           0%         N/A       100%        8
 Maxwell's Capacitive Co  Air            0%         ∞         100%        8
 Necromutation            Tmut/Necr      0%         N/A       100%        8


Dungeon Overview and Level Annotations

Branches:
Dungeon (1/1)

Altars:
Ashenzari
Cheibriados
Dithmenos
Elyvilon
Fedhas
Gozag
Hepliaklqana
Kikubaaqudgha
Makhleb
Nemelex Xobeh
Okawaru
Qazlal
Ru
Sif Muna
Trog
Uskayaw
Vehumet
Wu Jian
Xom
Yredelemnul
Zin
The Shining One
Beogh
Jiyva
Lugonu

Annotations:
D Azrael, Dispater, Ereshkigal, Geryon, Gloorx Vloq, Ignacio, Jory, Murray


Innate Abilities, Weirdness & Mutations

You have a pair of horns on your head.
You reflexively headbutt those who attack you in melee.
You do not regenerate when monsters are visible.


Message History

Geryon winds a great silver horn.
Murray misses you. You block Murray's attack.
PTOANNNG!
The Executioner gestures.
The Executioner seems to speed up.
The Executioner hits you but does no damage. x2
The Executioner closely misses you.
You feel much better.
You are engulfed in dark miasma.
* * * LOW HITPOINT WARNING * * *
You block Ignacio's attack.
SHROANNG!
You block Ignacio's attack.
GONNNNG!
You block Ignacio's attack.
BONNNG!
You block Ignacio's attack.
GONNNNG!
The Executioner closely misses you. x2; The Executioner misses you.
Gloorx Vloq hits you but does no damage.
Ignacio misses you. Ignacio hits you but does no damage.
You writhe in agony.
* * * LOW HITPOINT WARNING * * *
Ignacio hits you with a +3 executioner's axe of pain!
* * * LOW HITPOINT WARNING * * *
You writhe in agony.
* * * LOW HITPOINT WARNING * * *
Ignacio completely misses you. Ereshkigal misses you. You furiously retaliate!
You headbutt Ereshkigal!
The Executioner hits you but does no damage.
The Executioner misses you.
The Executioner hits you but does no damage.
The Executioner completely misses you. You block the Executioner's attack.
GONNNNG!
The Executioner misses you. You block the Executioner's attack.
BOUMMMMG!
The Executioner closely misses you. The Executioner completely misses you.
Gloorx Vloq gestures at you. The poison arrow hits you!
You are lethally poisoned!
You partially resist.
You die...

▓....... ▓..)§§§§§§§§§}§
▓.....). ▓...§§2§§§§§§§§
▓....... ▓...§§§&§§§§§§§
▓....).) ▓...§§§§§§§§§§.
▓......)
▓....§§2§§§§....▓..▓..).
▓.....WV§§R.....▓.▓.▓...
▓.....11&1......▓..▓....
▓....○z@&&......▓.......
▓.....11§○......▓......©
▓...▓.......▓...▓▓▓▓▓▓▓▓
▓...............▓.....8©
▓...............▓.}).[=|
▓.......©.......▓..[))[)
▓▓▓▓▓▓▓▓▓▓▓▓▓▓▓▓▓.......
▓....... ▓.......


You could see Dispater, Gloorx Vloq, Ereshkigal, Geryon, Ignacio (fast), Jory,
Murray, a Hell Sentinel (summoned), Azrael, 2 hell beasts, 3 Executioners and a
shadow (summoned).

Vanquished Creatures
  A dread lich (D)
  Rupert (D)
  A lich (D)
  A deep elf master archer (D)
  2 tentacled starspawn (D)
  A sphinx (D)
  Kirke (D)
  2 nagarajas (D)
  Ilsuiw (D)
  2 ghouls (D)
  A ghost moth (D)
  2 vampire knights (D)
  A very ugly thing (D)
  An entropy weaver (D)
  A dire elephant (D)
  A great orb of eyes (D)
  Harold (D)
  A yaktaur captain (D)
  A hydra (D)
  2 anacondas (D)
  4 centaur warriors (D)
  2 naga warriors (D)
  Urug (D)
  2 vampire magi (D)
  2 thrashing horrors (D)
  Sonja (D)
  A wretched star (D)
  2 pharaoh ants (D)
  2 skeletal warriors (D)
  A steelbarb worm (D)
  A sun moth (D)
  An orb spider (D)
  A necromancer (D)
  Pikel (D)
  A wolf spider (D)
  2 elephants (D)
  A worldbinder (D)
  A vault sentinel (D)
  7 cyclopes (D)
  4 guardian serpents (D)
  A smoke demon (D)
  4 naga magi (D)
  7 black mambas (D)
  A torpor snail (D)
  An orange demon (D)
  A rime drake (D)
  2 komodo dragons (D)
  2 cane toads (D)
  3 yaktaurs (D)
  A freezing wraith (D)
  2 ancient zymes (D)
  A hellwing (D)
  6 merfolk (D)
  Grinder (D)
  A wind drake (D)
  2 hornets (D)
  A tarantella (D)
  4 raiju (D)
  A slime creature (D)
  3 blink frogs (D)
  A large abomination (D)
  A jumping spider (D)
  4 vampires (D)
  2 shadows (D)
  A redback (D)
  A neqoxec (D)
  A chaos spawn (D)
  A hell hound (D)
  3 nagas (D)
  2 water moccasins (D)
  2 floating eyes (D)
  5 starcursed masses (D)
  6 centaurs (D)
  3 necrophages (D)
  2 wights (D)
  Dowan (D)
  3 jellies (D)
  4 quasits (D)
  4 crimson imps (D)
  2 orc priests (D)
  An iron imp (D)
  Terence (D)
  Ijyb (D)
  2 orc wizards (D)
  4 adders (D)
  2 shadow imps (D)
  5 white imps (D)
  2 ufetubi (D)
  3 adder zombies (D)
  2 orcs (D)
  4 bat zombies (D)
  3 endoplasms (D)
  4 ball pythons (D)
  A ball python skeleton (D)
  2 ball python zombies (D)
  A jackal simulacrum (D)
  A jackal zombie (D)
  5 quokka skeletons (D)
201 creatures vanquished.

Vanquished Creatures (others)
  2 white imps (D)
  An ufetubus (D)
  4 starspawn tentacles (D)
7 creatures vanquished.

Grand Total: 208 creatures vanquished

Notes
Turn   | Place    | Note
-------+----------+-------------------------------------------
     0 | D        | wilfster70 the Minotaur Fighter began the quest for the
                  | Orb.
     0 | D        | Reached XP level 1. HP: 19/19 MP: 0/0
    15 | D        | Found a blossoming altar of Fedhas.
    15 | D        | Found the +6 Majin-Bo {vamp, MP+6 Int+6}
    15 | D        | Found the +9 heavy crossbow "Sniper" {vorpal, Acc+∞ SInv}
    15 | D        | Found the +10 dark maul {vorpal}
    15 | D        | Found the +15 Maxwell's patent armour {-Cast -Tele rElec
                  | Will+ rCorr}
    15 | D        | Found the +18 shield of the Gong {rElec rN+ Will+ EV-5}
    15 | D        | Found the +14 obsidian axe {vorpal, Mesm Drain Fly SInv}
    15 | D        | Found the +7 great mace "Firestarter" {inner flame, rF++}
    15 | D        | Found the +6 shillelagh "Devastator" {shatter}
    15 | D        | Found the +11 plutonium sword {Contam Stlth-}
    15 | D        | Found the +8 lance "Wyrmbane" {slay drac, rPois rF+ rC+
                  | AC+3}
    15 | D        | Found the +9 sword of Zonguldrok {reap}
    15 | D        | Found the +13 scythe of Curses {drain, Drain}
    15 | D        | Found the +5 sword of Power {vorpal}
    15 | D        | Found the +7 mace of Variability {chain chaos}
    15 | D        | Found the +7 Singing Sword {vorpal, sonic wave}
    15 | D        | Found the +8 storm bow {elec, penet}
    20 | D        | Found an opulent altar of Gozag.
    20 | D        | Found a hazy altar of Hepliaklqana.
    20 | D        | Found a viscous altar of Jiyva.
    20 | D        | Found a transporter.
    22 | D        | Became a worshipper of Cheibriados the Contemplative
    24 | D        | Found an ancient bone altar of Kikubaaqudgha.
    26 | D        | Found a corrupted altar of Lugonu.
    28 | D        | Found a burning altar of Makhleb.
    30 | D        | Found a sacrificial altar of Ru.
    30 | D        | Found a stormy altar of Qazlal.
    30 | D        | Found a shimmering blue altar of Sif Muna.
    30 | D        | Found an iron altar of Okawaru.
    30 | D        | Found a bloodstained altar of Trog.
    30 | D        | Found a sparkling altar of Nemelex Xobeh.
    72 | D        | Reached skill level 5 in Fighting
    72 | D        | Reached skill level 5 in Armour
    72 | D        | Reached XP level 2. HP: 29/29 MP: 0/3
   110 | D        | Entered arena 2.
   110 | D        | Found a transporter.
   115 | D        | Reached XP level 3. HP: 22/37 MP: 4/4
   115 | D        | Reached * piety under Cheibriados
   116 | D        | Reached skill level 6 in Fighting
   232 | D        | Entered arena 3.
   232 | D        | Found a transporter.
   237 | D        | Reached XP level 4. HP: 45/45 MP: 4/6
   241 | D        | Reached ** piety under Cheibriados
   258 | D        | Entered arena 4.
   258 | D        | Noticed a floating eye
   258 | D        | Found a transporter.
   260 | D        | Paralysed by a floating eye for 4 turns
   267 | D        | Reached skill level 7 in Fighting
   267 | D        | Reached XP level 5. HP: 45/52 MP: 7/7
   269 | D        | Reached skill level 5 in Invocations
   269 | D        | Killed a floating eye
   269 | D        | Reached *** piety under Cheibriados
   270 | D        | Reached skill level 8 in Fighting
   270 | D        | Reached skill level 10 in Polearms
   270 | D        | Reached XP level 6. HP: 48/61 MP: 7/9
   335 | D        | Entered arena 5.
   335 | D        | Found a transporter.
   337 | D        | Reached **** piety under Cheibriados
   346 | D        | Reached ***** piety under Cheibriados
   505 | D        | Entered arena 6.
   505 | D        | Noticed a slime creature
   505 | D        | Noticed a floating eye
   505 | D        | Found a transporter.
   508 | D        | Killed a floating eye
   513 | D        | Killed a slime creature
   514 | D        | Reached skill level 9 in Fighting
   514 | D        | Reached XP level 7. HP: 70/70 MP: 9/11
   553 | D        | Entered arena 7.
   553 | D        | Noticed a yaktaur
   553 | D        | Noticed a great orb of eyes
   553 | D        | Noticed a white very ugly thing
   553 | D        | Noticed a sphinx
   553 | D        | Noticed a vault sentinel
   553 | D        | Noticed a dire elephant
   554 | D        | Found a transporter.
   570 | D        | Killed a dire elephant
   570 | D        | Killed a sphinx
   570 | D        | Reached ****** piety under Cheibriados
   571 | D        | Reached skill level 13 in Fighting
   571 | D        | Reached skill level 10 in Invocations
   571 | D        | Reached XP level 8. HP: 22/86 MP: 1/15
   571 | D        | Reached XP level 9. HP: 24/93 MP: 1/16
   573 | D        | Killed a white very ugly thing
   573 | D        | Killed a yaktaur
   574 | D        | Reached skill level 14 in Fighting
   574 | D        | Killed a vault sentinel
   575 | D        | Reached skill level 15 in Fighting
   575 | D        | Reached skill level 15 in Armour
   583 | D        | Killed a great orb of eyes
   584 | D        | Reached XP level 10. HP: 32/106 MP: 3/18
   881 | D        | Entered arena 8.
   881 | D        | Found the +12 pair of quick blades "Gyre" and "Gimble"
                  | {protect}
   881 | D        | Noticed a cyclops
   881 | D        | Noticed a cyclops
   890 | D        | Killed a cyclops
   891 | D        | Reached skill level 1 in Evocations
   891 | D        | Found a transporter.
   900 | D        | Killed a cyclops
   901 | D        | Reached skill level 16 in Fighting
   931 | D        | Entered arena 9.
   932 | D        | Found a transporter.
   953 | D        | Got the Handbook of Attacks and the Snowflakes
   966 | D        | Entered arena 10.
   966 | D        | Noticed a thrashing horror
   966 | D        | Noticed a wretched star
   966 | D        | Noticed a dread lich
   967 | D        | Killed a thrashing horror
   969 | D        | Killed a wretched star
   970 | D        | Reached skill level 5 in Evocations
   971 | D        | Found a transporter.
   971 | D        | Paralysed by something for 5 turns
   983 | D        | Noticed a cacodemon
   989 | D        | Paralysed by something for 4 turns
   997 | D        | Noticed an Ice Fiend
   999 | D        | Killed a dread lich
  1000 | D        | Reached skill level 18 in Fighting
  1000 | D        | Reached XP level 11. HP: 72/119 MP: 7/21
  1086 | D        | Entered arena 11.
  1087 | D        | Found a transporter.
  1089 | D        | Reached skill level 15 in Invocations
  1233 | D        | Got the +2 pair of gloves of Lies {Dex+4}
  1241 | D        | Entered arena 12.
  1241 | D        | Noticed a necromancer
  1241 | D        | Noticed a skeletal warrior
  1241 | D        | Noticed a ghoul
  1241 | D        | Noticed a lich
  1242 | D        | Identified the +7 morningstar "Xabesock" {speed, rF- Will+
                  | Dex+6}
  1242 | D        | Noticed a vampire mage
  1242 | D        | Noticed a ghoul
  1245 | D        | Reached skill level 1 in Dodging
  1245 | D        | Found a transporter.
  1246 | D        | Killed a lich
  1246 | D        | Killed a necromancer
  1246 | D        | Killed a vampire mage
  1247 | D        | Reached skill level 19 in Fighting
  1247 | D        | Killed a skeletal warrior
  1248 | D        | Reached skill level 5 in Dodging
  1252 | D        | Killed a ghoul
  1253 | D        | Reached XP level 12. HP: 47/130 MP: 7/23
  1258 | D        | Killed a ghoul
  1363 | D        | Entered arena 13.
  1363 | D        | Noticed an eight-headed hydra
  1367 | D        | Reached skill level 10 in Evocations
  1367 | D        | Killed an eight-headed hydra
  1370 | D        | Reached skill level 20 in Fighting
  1378 | D        | Found a transporter.
  1389 | D        | Got the amulet of the Mackerel {Reflect Slay+3 SH+5}
  1415 | D        | Got Gyihob's Almanac of the Unholy Oath
  1417 | D        | Got the amulet of Murhup {Acrobat rElec Str+8}
  1423 | D        | Entered arena 14.
  1424 | D        | Noticed a tentacled starspawn
  1424 | D        | Noticed a starcursed mass
  1429 | D        | Reached skill level 10 in Dodging
  1430 | D        | Killed a tentacled starspawn
  1433 | D        | Found a transporter.
  1433 | D        | Paralysed by accursed screaming for 1 turns
  1654 | D        | Entered arena 15.
  1655 | D        | Noticed a centaur warrior
  1655 | D        | Noticed a centaur warrior
  1655 | D        | Noticed a centaur warrior
  1655 | D        | Noticed a centaur warrior
  1656 | D        | Noticed a deep elf master archer
  1656 | D        | Noticed a yaktaur captain
  1657 | D        | Killed a centaur warrior
  1658 | D        | Killed a centaur warrior
  1658 | D        | Killed a centaur warrior
  1658 | D        | Killed a centaur warrior
  1659 | D        | Reached skill level 21 in Fighting
  1659 | D        | Killed a deep elf master archer
  1660 | D        | Reached XP level 13. HP: 112/143 MP: 13/24
  1661 | D        | Found a transporter.
  1752 | D        | Got the Grimoire of Spatial Summoning
  1774 | D        | Entered arena 16.
  1775 | D        | Noticed an entropy weaver
  1776 | D        | Found the +8 frozen axe "Frostbite" {freezing cloud, *Noise
                  | Fly rC+}
  1776 | D        | Noticed a ghost moth
  1779 | D        | Reached skill level 15 in Dodging
  1781 | D        | Reached skill level 22 in Fighting
  1782 | D        | Killed an entropy weaver
  1782 | D        | Killed a ghost moth
  1898 | D        | Found a transporter.
  1919 | D        | Acquired a manual of Invocations
  1926 | D        | Got the +0 hat of the Sea {rPois Dex+7}
  1945 | D        | Entered arena 17.
  1948 | D        | Noticed a nagaraja
  1955 | D        | Killed a nagaraja
  2010 | D        | Found a transporter.
  2033 | D        | Entered arena 18.
  2036 | D        | Noticed a nagaraja
  2040 | D        | Reached skill level 23 in Fighting
  2055 | D        | Killed a nagaraja
  2056 | D        | Reached skill level 24 in Fighting
  2277 | D        | Found a transporter.
  2290 | D        | Got Wostriu's Collected Works on Shifting Contamination
  2303 | D        | Entered arena 19.
  2306 | D        | Noticed a tentacled starspawn
  2307 | D        | Gained mutation: You do not regenerate when monsters are
                  | visible. [a neqoxec]
  2310 | D        | Killed a tentacled starspawn
  2311 | D        | Reached skill level 15 in Evocations
  2311 | D        | Reached XP level 14. HP: 159/160 MP: 27/27
  2314 | D        | Found a transporter.
  2377 | D        | Entered arena 20.
  2382 | D        | Noticed a vampire knight
  2382 | D        | Noticed a vampire knight
  2383 | D        | Identified the ring of Renugh {*Slow +Blink Int+2 SInv}
  2387 | D        | Killed a vampire knight
  2388 | D        | Reached skill level 25 in Fighting
  2388 | D        | Killed a vampire knight
  2393 | D        | Found a transporter.
  2489 | D        | Entered arena 21.
  2494 | D        | Noticed Murray
  2494 | D        | Noticed Ignacio
  2494 | D        | Noticed Grinder
  2494 | D        | Noticed Ereshkigal
  2494 | D        | Identified the +4 eveningstar of Pef Ykeq {freeze, rF++
                  | Str+4 Int+4}
  2494 | D        | Noticed Ijyb
  2494 | D        | Identified the +4 battleaxe of Compound Interest {vorpal,
                  | rPois Int+8}
  2494 | D        | Noticed Harold
  2494 | D        | Noticed Rupert
  2495 | D        | Noticed Pikel
  2495 | D        | Identified the +0 robe of the Old World {rPois Dex+3
                  | Stlth+}
  2495 | D        | Noticed Ilsuiw
  2495 | D        | Noticed Terence
  2495 | D        | Noticed Kirke
  2495 | D        | Noticed Urug
  2495 | D        | Found the +4 staff of Dispater
  2495 | D        | Noticed Dispater
  2495 | D        | Noticed Gloorx Vloq
  2495 | D        | Noticed Azrael
  2495 | D        | Noticed Geryon
  2495 | D        | Noticed Sonja
  2495 | D        | Noticed Jory
  2495 | D        | Noticed Dowan
  2497 | D        | Noticed an Executioner
  2497 | D        | Killed Ijyb
  2497 | D        | Noticed an Executioner
  2497 | D        | Noticed an Executioner
  2497 | D        | Killed Pikel
  2497 | D        | Killed Dowan
  2497 | D        | Killed Terence
  2497 | D        | Killed Sonja
  2498 | D        | Killed Grinder
  2498 | D        | Killed Urug
  2499 | D        | Killed Rupert
  2499 | D        | Killed Ilsuiw
  2499 | D        | Killed Kirke
  2499 | D        | Killed Harold
  2500 | D        | Reached skill level 26 in Fighting
  2501 | D        | Noticed an Executioner
  2501 | D        | Noticed an Executioner
  2501 | D        | Noticed an Executioner
  2501 | D        | Noticed an Executioner
  2501 | D        | Noticed a Hell Sentinel
  2502 | D        | Killed from afar by Gloorx Vloq

Illustrated notes

Levels and vault maps discovered:
D:        sprint_v [room_start, room_1, room_2, room_3, room_4, room_5, room_6,
          room_7, room_8, room_9, room_10, room_11, room_12, room_13, room_14,
          room_15, room_16, room_17, room_18, room_19, room_20, room_21,
          room_22, room_23, room_24, room_25, room_26, room_27]

Skill      XL: |  1  2  3  4  5  6  7  8  9 10 11 12 13 14 |
---------------+-------------------------------------------+-----
Fighting       | 5 6 7 8 9 13 15 18 19 21 24 26 | 26.4
Polearms       | 6 8 9 10 12 | 12.0
Armour         | 5 6 7 8 9 13 15 18 | 18.4
Invocations    | 3 4 5 7 10 12 14 16 17 21 22 | 22.8
Evocations     | 7 9 12 15 16 | 16.1
Dodging        | 5 13 17 19 | 19.0
Shields        | |  3.6

Action                   |  1- 3 |  4- 6 |  7- 9 | 10-12 | 13-15 || total
-------------------------+-------+-------+-------+-------+-------++-------
Melee: Lance             |     7 |    28 |    21 |   110 |    36 ||   202
       Headbutt          |     2 |     6 |     3 |    24 |     6 ||    41
Invok: Slouch            |       |       |     2 |    14 |     9 ||    25
Evoke: Condenser vane    |       |       |     1 |     1 |     6 ||     8
       Wand              |       |       |     2 |       |       ||     2
       Tin of tremorston |       |       |       |       |     6 ||     6
  Use: Potion            |     1 |       |     1 |       |     3 ||     5
       Scroll            |       |       |       |       |     5 ||     5
 Stab: Confused          |       |       |     2 |       |       ||     2
Armor: Gold dragon scale |     1 |    14 |    10 |    52 |    55 ||   132
Dodge: Dodged            |       |     2 |       |    16 |    68 ||    86
Block: Kite shield       |       |    29 |    30 |   167 |   140 ||   366
       Reflection        |       |       |       |    13 |    10 ||    23

Table legend: (Time is in decaauts)
 A = Elapsed time spent in this place.
 B = Non-inter-level travel time spent in this place.
 C = Inter-level travel time spent in this place.
 D = Time resting spent in this place.
 E = Time spent auto-exploring this place.
 F = Levels seen in this place.
 G = Mean time per level.
                   A        B        C        D        E       F      G
               +--------+--------+--------+--------+--------+-----+--------+
         Total |   2886 |   2886 |      0 |   1609 |      0 |   1 | 2886.0 |
       Dungeon |   2886 |   2886 |      0 |   1609 |      0 |   1 | 2886.0 |
               +--------+--------+--------+--------+--------+-----+--------+

Top non-repeatable levels by time:
       D: 2886 daAuts
